 Dungeon Crawl Stone Soup version 0.26.0-18-gc5c842f807 (webtiles) character file.

Game seed: 10984422373481410329

32 thiole the Magician (level 3, -2/21 HPs)
             Began as an Octopode Hedge Wizard on Jan 24, 2021.
             Slain by a worker ant (5 damage)
             ... on level 2 of the Dungeon.
             The game lasted 00:02:37 (1146 turns).

thiole the Magician (Octopode Hedge Wizard)         Turns: 1146, Time: 00:02:37

Health: -2/21      AC:  1    Str:  9    XL:     3   Next: 25%
Magic:  1/6        EV: 13    Int: 13    God:
Gold:   52         SH:  0    Dex: 11    Spells: 3/8 levels left

rFire    . . .     SeeInvis .   a - +0 dagger
rCold    . . .     Faith    .   (no shield)
rNeg     . . .     Spirit   .   b - +0 hat
rPois    .         Reflect  .   (no amulet)
rElec    .         Harm     .   c - -4 ring of intelligence (curse)
rCorr    .         Rampage  .   (no ring)
Will     .....                  (no ring)
Stlth    +++.......             (no ring)
HPRegen  0.47/turn              (no ring)
MPRegen  0.10/turn              (no ring)
                                (no ring)
                                (no ring)

@: lethally poisoned (-2 -> -5)
A: almost no armour, stealthy swim, amphibious, 8 rings, constrict 8, camouflage
1, low mp 1, regeneration 1, gelatinous body 1
a: no special abilities


You were on level 2 of the Dungeon.
You visited 1 branch of the dungeon, and saw 2 of its levels.

You collected 52 gold pieces.

Inventory:

Hand Weapons
 a - a +0 dagger (weapon)
Armour
 b - a +0 hat (worn)
Jewellery
 c - a cursed -4 ring of intelligence (left tentacle)
Scrolls
 d - a scroll of amnesia {unknown}
 e - 3 scrolls of remove curse {unknown}
 f - 3 scrolls of fog {unknown}
 g - a scroll of teleportation {unknown}
 i - 3 scrolls of identify {unknown}
 j - a scroll of fear {unknown}
 k - a scroll of blinking {unknown}
Potions
 h - a potion of mutation


   Skills:
 - Level 2.0 Dodging
 + Level 3.1 Stealth
 + Level 3.1 Spellcasting
 * Level 1.9 Conjurations
 - Level 2.0 Summonings
 - Level 1.0 Translocations


You had 3 spell levels left.
You knew the following spells:

 Your Spells              Type           Power        Failure   Level
a - Magic Dart            Conj           28%          10%         1
b - Call Imp              Summ           7%           16%         2
c - Blink                 Tloc           N/A          22%         2

Your spell library contained the following spells:

 Spells                   Type           Power        Failure   Level
 Slow                     Hex            2%           34%         2
 Conjure Flame            Conj/Fire      4%           41%         3
 Mephitic Cloud           Conj/Pois/Air  3%           45%         3


Dungeon Overview and Level Annotations

Branches:
Dungeon (2/15)

Altars:


Innate Abilities, Weirdness & Mutations

You cannot wear most types of armour.
You are very stealthy in the water. (Stealth+)
You are amphibious.
You can wear up to eight rings at the same time.
You can use your tentacles to constrict eight enemies at once.
Your skin changes colour to match your surroundings (Stealth+).
Your rubbery body absorbs attacks. (AC +1, EV +1)
Your magical capacity is low. (-10% MP)
Your natural rate of healing is unusually fast.


Message History

You feel sick. The worker ant bites you.
* * * LOW HITPOINT WARNING * * *
You feel stupid.
Oops, that ring feels deathly cold.
c - a cursed -4 ring of intelligence (left tentacle)
* * * LOW HITPOINT WARNING * * *
You feel sick. The worker ant barely misses you.
You hit the worker ant but do no damage.
You grab the worker ant. You squeeze the worker ant.
The worker ant is moderately wounded.
You constrict the worker ant, but do no damage.
* * * LOW HITPOINT WARNING * * *
You feel sick. The worker ant closely misses you.
You hit the worker ant but do no damage.
You squeeze the worker ant, but do no damage.
The worker ant is moderately wounded.
You constrict the worker ant, but do no damage.
* * * LOW HITPOINT WARNING * * *
You feel sick. The worker ant bites you.
You die...

######## #...<..## #.......#
#.......# ### #.......#
########.# ##.@.....#
.........## #.oB.....#
......##..###........#
.......o....o.[......#
.....o.....###.......# ##
..†...####..........†##8##8##8
.†... ###..####...'........
#... ##..# ##.###8##8##8 #..
##.####.## ##


You could see a worker ant and 2 orcs.

Vanquished Creatures
  A worm (D:2)
  2 giant cockroaches (D:1)
  3 goblins
  2 jackals (D:2)
  3 bats (D:1)
  A frilled lizard (D:1)
  4 kobolds (D:1)
  4 rats
20 creatures vanquished.

Vanquished Creatures (collateral kills)
  A gnoll (D:1)
  2 jackals (D:2)
3 creatures vanquished.

Grand Total: 23 creatures vanquished

Notes
Turn   | Place    | Note
-------+----------+-------------------------------------------
     0 | D:1      | thiole the Octopode Hedge Wizard began the quest for the
                  | Orb.
     0 | D:1      | Reached XP level 1. HP: 11/11 MP: 4/4
   267 | D:1      | Reached XP level 2. HP: 17/17 MP: 4/6
   640 | D:1      | Learned a level 2 spell: Call Imp
   643 | D:1      | Learned a level 2 spell: Blink
   897 | D:2      | Reached XP level 3. HP: 20/21 MP: 2/7
  1143 | D:2      | Gained mutation: Your magical capacity is low. (-10% MP)
                  | [potion of mutation]
  1143 | D:2      | Gained mutation: Your natural rate of healing is unusually
                  | fast. [potion of mutation]
  1146 | D:2      | Slain by a worker ant

Illustrated notes

Levels and vault maps discovered:
D:1:      minmay_arrival_radiant_lines, layout_loops_cross
D:2:      cheibrodos_greedy_goblins, layout_rooms, serial_glass,
          glass_columns_a, glass_columns_a, dk_noncrumbling_2,
          nicolae_dithmenos_through_a_glass_darkly

Skill      XL: |  1  2  3 |
---------------+----------+-----
Stealth        | 3 |  3.1
Summonings     | 2 |  2.0
Dodging        | |  2.0
Spellcasting   | |  3.1
Conjurations   | |  1.9
Translocations | |  1.0

Action                   || total
-------------------------++-------
Melee: Dagger            ||    34
       Constrict         ||    10
       Tentacles         ||     6
 Cast: Magic Dart        ||    32
       Call Imp          ||     5
  Use: Potion            ||     1
Armor: Skin              ||     3
Dodge: Dodged            ||    27
